 Dungeon Crawl Stone Soup version 0.20.0-8-g6b59dc7 (webtiles) character file.

50 inmateoo the Insei (level 3, -3/19 HPs)
             Began as a Vine Stalker Monk on May 30, 2017.
             Slain by Grinder (7 damage)
             ... on level 3 of the Dungeon.
             The game lasted 00:02:40 (2235 turns).

inmateoo the Insei (Vine Stalker Monk)              Turns: 2235, Time: 00:02:41

Health: -3/19      AC:  3    Str: 18    XL:     3   Next: 79%
Magic:  0/4        EV: 13    Int: 10    God:
Gold:   139        SH:  0    Dex: 17    Spells: 2/2 levels left

rFire    . . .     SeeInvis .     - Unarmed
rCold    . . .     Gourm    .   (no shield)
rNeg     . . .     Faith    +   p - +0 leather armour
rPois    .         Spirit   +   (no helmet)
rElec    .         Reflect  .   (no cloak)
rCorr    .         Harm     .   (no gloves)
MR       .....                  (no boots)
Stlth    ++........             c - amulet of faith (curse)
Regen    0.1/turn               (no ring)
MPRegen  0.1/turn               (no ring)

@: mighty
A: fangs 2, magic shield, antimagic bite, no potion heal 3, rot immunity
a: no special abilities


You were on level 3 of the Dungeon.
You were not hungry.

You visited 1 branch of the dungeon, and saw 3 of its levels.

You collected 139 gold pieces.

Inventory:

Armour
 p - a +0 leather armour (worn)
Jewellery
 c - a cursed amulet of faith (around neck)
Scrolls
 a - a scroll of immolation {unknown}
 e - 2 scrolls of identify {unknown}
 f - a scroll of noise {unknown}
 h - a scroll of random uselessness {unknown}
 i - a scroll of fear {unknown}
 k - a scroll of enchant armour {unknown}
 l - a scroll of amnesia {unknown}
 m - 2 scrolls of remove curse {unknown}
 n - a scroll of fog {unknown}
 s - a scroll of recharging {unknown}
Potions
 d - a potion of ambrosia {unknown}
 g - a potion of heal wounds {unknown}
 j - a potion of might
 o - 2 potions of curing {unknown}
 q - a potion of flight {unknown}
Comestibles
 b - 2 bread rations
 r - a chunk of flesh


   Skills:
 - Level 2.6 Fighting
 - Level 2.4 Dodging
 - Level 2.4 Stealth
 * Level 4.6 Unarmed Combat


You had 2 spell levels left.
You didn't know any spells.

Dungeon Overview and Level Annotations

Branches:
Dungeon (3/15)

Altars:
Nemelex Xobeh

Annotations:
D:3 Grinder


Innate Abilities, Weirdness & Mutations

You have extremely sharp teeth.
When hurt, damage is shared between your health and your magic reserves.
Your bite disrupts and absorbs the magic of your enemies.
Potions cannot restore your health.
You are immune to rotting.


Message History

Grinder is lightly wounded.
Grinder hits you but does no damage.
You punch Grinder! You bite Grinder!
Grinder's magic leaks into the air.
You drain her magic.
Grinder is heavily wounded.
Grinder hits you!
You barely miss Grinder. You bite Grinder.
Grinder's magic leaks into the air.
You drain her magic.
You feel invigorated.
Grinder is heavily wounded.
Grinder says, "FISH!"
Grinder misses you.
You hit Grinder. Your bite misses Grinder.
Grinder is severely wounded.
Grinder gestures at you. Pain shoots through your body!
* * * LOW HITPOINT WARNING * * *
You barely miss Grinder.
Grinder is severely wounded.
Grinder hits you!
You die...

######## .......#
###....# .##....#
.#.....############
..................#
.#.....##########.#
.#.............5@.#
.#.##.#######....(......
##....#.........########
###..................
####>(................
......#..####.#..#####
......#..####.#..#
......#..#<...#....
......#..#######.###


You could see Grinder.

Vanquished Creatures
  An adder (D:1)
  A worm (D:3)
  A dart slug (D:1)
  3 leopard geckos
  An orc (D:3)
  3 goblins
  5 hobgoblins
  2 jackals (D:1)
  A quokka (D:2)
  5 bats
  2 frilled lizards
  3 kobolds (D:2)
  2 rats
30 creatures vanquished.

Notes
Turn   | Place    | Note
-------+----------+-------------------------------------------
     0 | D:1      | inmateoo the Vine Stalker Monk began the quest for the Orb.
     0 | D:1      | Reached XP level 1. HP: 11/11 MP: 2/2
   487 | D:1      | Reached XP level 2. HP: 16/16 MP: 3/3
   909 | D:1      | Reached skill level 4 in Unarmed Combat
   909 | D:1      | Reached XP level 3. HP: 5/19 MP: 0/4
  1544 | D:2      | Found a sparkling altar of Nemelex Xobeh.
  1995 | D:3      | Noticed Grinder
  1996 | D:3      | Paralysed by Grinder for 3 turns
  2235 | D:3      | Slain by Grinder

Skill      XL: |  1  2 |
---------------+-------+-----
Unarmed Combat | 4 |  4.6
Fighting       | |  2.6
Dodging        | |  2.4
Stealth        | |  2.4

Action                   || total
-------------------------++-------
Melee: Unarmed           ||   107
       Bite              ||    29
       Punch             ||     1
  Use: Potion            ||     2
  Eat: Chunk             ||     4
Armor: Robe              ||     5
       Leather armour    ||     7
Dodge: Dodged            ||    58
